 Dungeon Crawl Stone Soup version 0.28-a0-1485-g077359a4bf (webtiles) character file.

Game seed: 10474336456441807774

1101 kae the Changer (level 8, -6/70 HPs)
             Began as a Green Draconian Transmuter on Jan 11, 2022.
             Killed from afar by a steam dragon (21 damage)
             ... with a ball of steam
             ... on level 6 of the Dungeon.
             The game lasted 00:04:17 (7054 turns).

kae the Changer (Green Draconian Transmuter)        Turns: 7054, Time: 00:04:17

Health: -6/70      AC:  7    Str: 13    XL:     8   Next: 10%
Magic:  10/14      EV: 10    Int: 15    God:
Gold:   158        SH:  0    Dex: 12    Spells: 8/16 levels left

rFire   x . .      SeeInvis .     - Unarmed
rCold   + + +      Faith    .   (shield currently unavailable)
rNeg    . . .      Spirit   .   (armour unavailable)
rPois   +          Reflect  .   (helmet currently unavailable)
rElec   .          Harm     .   (cloak currently unavailable)
rCorr   .          Rampage  .   (gloves currently unavailable)
Will    .....                   (boots currently unavailable)
Stlth   +.........              (no amulet)
HPRegen 0.21/turn               a - +4 ring of slaying
MPRegen 0.14/turn               (no ring)

@: ice-form
A: freezing attack, amphibious, boosted hp, (breathe noxious fumes), AC +6,
large, unfitting armour, (poison resistance), (cold-blooded)
a: End Transformation


You were on level 6 of the Dungeon.
You were a creature of crystalline ice.
You visited 2 branches of the dungeon, and saw 7 of its levels.

You collected 158 gold pieces.

Inventory:

Jewellery
 a - a +4 ring of slaying (left front paw)
Wands
 g - a wand of iceblast (17)
Scrolls
 b - 2 scrolls of enchant weapon
 c - 2 scrolls of identify
 d - 2 scrolls of teleportation
 f - 2 scrolls of noise
Potions
 e - a potion of degeneration
 h - a potion of brilliance


   Skills:
 - Level 1.1 Fighting
 - Level 1.7 Dodging
 - Level 3.0 Unarmed Combat
 + Level 4.5 Spellcasting
 * Level 6.8 Transmutations
 * Level 4.9 Ice Magic
 - Level 1.2 Poison Magic


You had 8 spell levels left.
You knew the following spells:

 Your Spells              Type           Power      Damage    Failure   Level
a - Beastly Appendage     Tmut           46%        N/A       1%          1
b - Spider Form           Tmut/Pois      15%        N/A       10%         3
c - Ice Form              Ice/Tmut       20%        N/A       16%         4

Your spell library contained the following spells:

 Spells                   Type           Power      Damage    Failure   Level
 Wereblood                Tmut           23%        N/A       1%          2
 Freeze                   Ice            72%        1d9       2%          1
 Frozen Ramparts          Ice            36%        1d5       7%          3
 Hailstorm                Conj/Ice       10%        3d5       52%         4


Dungeon Overview and Level Annotations

Branches:
Dungeon (6/15)             Temple (1/1) D:4

Altars:
Ashenzari
Cheibriados
Elyvilon
Fedhas
Gozag
Makhleb
Okawaru
Qazlal
Trog
Uskayaw
Xom
Yredelemnul
Zin
The Shining One

Shops:
D:4 [   D:5 =


Innate Abilities, Weirdness & Mutations

You are a creature of crystalline ice.
You have a powerful freezing melee attack.
You are amphibious.
Your maximum health is increased.
Your armour is entirely melded.
You are incapable of wielding weapons or throwing items.
((You can breathe blasts of noxious fumes.))
((Your lurid green scales are hard. (AC +6)))
You cannot fit into any form of body armour.
((Your system is resistant to poisons. (rPois)))
((You are cold-blooded and may be slowed by cold attacks.))


Message History

Done exploring.
(D) Dungeon (T) Temple
Where to? (Enter - D:5, ? - help)
You see here an iguana skeleton.
There is a stone staircase leading down here.
You climb downwards.
There is a stone staircase leading up here.
As you read the scroll labelled CEANEL CAL TOD, it crumbles to dust.
It is a scroll of enchant weapon.
You aren't carrying any weapons that can be enchanted.
You don't have any unidentified items.
A steam dragon comes into view.
The steam dragon hisses angrily.
The steam dragon breathes steam at you. The ball of steam hits you!
The steam dragon moves out of view.
You're standing in a cloud of steam!
You're standing in a cloud of steam!
You start resting.
A steam dragon is nearby!
Casting: Ice Form (dangerous; 16% risk of failure)
Confirm with . or Enter, or press ? or * to list all spells.
You turn into a creature of crystalline ice.
The steam dragon breathes steam at you. The ball of steam hits you!!
The steam scalds you terribly!
You are engulfed in a cloud of scalding steam.
You are too injured to fight recklessly!
You are too injured to fight recklessly!
You punch the steam dragon! You freeze the steam dragon.
The steam dragon is heavily wounded.
You are engulfed in a cloud of scalding steam.
The steam dragon bites you!
* * * LOW HITPOINT WARNING * * *
The steam dragon misses you.
You barely miss the steam dragon.
The steam dragon is heavily wounded.
You are engulfed in a cloud of scalding steam.
* * * LOW HITPOINT WARNING * * *
The steam dragon breathes steam at you. The ball of steam hits you!!
The steam scalds you terribly!
You die...

#.####.#
#.# #.#
#.# #.#
#.#
#.######
#.#
#......#
#.#
######.#
#.# #.#
#§# #.#
#Y# #.#
#D# #.#
#D..§..#
#.#
#.######
#<# ###


You could see a steam dragon (catching breath).

Vanquished Creatures
  An ice beast (D:4)
  3 ogres
  A howler monkey (D:5)
  A bullfrog zombie (D:5)
  2 hounds
  A jelly (D:5)
  A centaur zombie (D:5)
  3 orc priests
  Terence (D:3)
  7 orc wizards
  3 iguanas (D:5)
  3 gnolls
  6 adders
  A howler monkey skeleton (D:4)
  An ufetubus (D:5)
  2 adder skeletons (D:4)
  2 worms (D:2)
  3 dart slugs
  15 orcs
  4 endoplasms
  A giant cockroach (D:2)
  4 hobgoblins
  4 jackals (D:1)
  3 quokkas
  4 ball pythons
  6 bats
  2 frilled lizards
  11 goblins
  6 kobolds
  2 rats
104 creatures vanquished.

Vanquished Creatures (others)
  3 plants (D:4)
3 creatures vanquished.

Grand Total: 107 creatures vanquished

Notes
Turn   | Place    | Note
-------+----------+-------------------------------------------
     0 | D:1      | kae the Draconian Transmuter began the quest for the Orb.
     0 | D:1      | Reached XP level 1. HP: 16/16 MP: 3/3
   258 | D:1      | Reached XP level 2. HP: 19/23 MP: 3/5
   615 | D:1      | Found a faded altar of an unknown god.
   876 | D:2      | Reached skill level 3 in Transmutations
   876 | D:2      | Reached XP level 3. HP: 19/28 MP: 4/6
   880 | D:2      | Learned a level 3 spell: Spider Form
  1714 | D:2      | Reached skill level 1 in Poison Magic
  1974 | D:2      | Found an opulent altar of Gozag.
  2006 | D:2      | Reached XP level 4. HP: 30/35 MP: 6/8
  2341 | D:2      | Reached skill level 4 in Transmutations
  2663 | D:3      | Reached XP level 5. HP: 27/40 MP: 6/9
  2874 | D:2      | Learned a level 4 spell: Ice Form
  2907 | D:3      | Found a glowing silver altar of Zin.
  2908 | D:3      | Found a stormy altar of Qazlal.
  2908 | D:3      | Found a snail-covered altar of Cheibriados.
  3234 | D:3      | Reached skill level 1 in Ice Magic
  3527 | D:3      | Reached skill level 5 in Transmutations
  3527 | D:3      | Reached XP level 6. HP: 13/47 MP: 11/11
  3807 | D:3      | Found a bloodstained altar of Trog.
  3903 | D:3      | Found a glowing golden altar of the Shining One.
  3985 | D:3      | Noticed Terence
  3990 | D:3      | Killed Terence
  4202 | D:4      | Noticed an acid dragon
  4389 | D:4      | Found a staircase to the Ecumenical Temple.
  4424 | Temple   | Entered the Ecumenical Temple
  5100 | D:4      | Your scales start taking on a lurid green colour.
  5100 | D:4      | Reached XP level 7. HP: 34/52 MP: 7/12
  5100 | D:4      | Gained mutation: Your system is resistant to poisons.
                  | (rPois) [Green Draconian growth]
  5563 | D:4      | Found Osihu's Armour Boutique.
  5665 | D:5      | Entered Level 5 of the Dungeon
  5716 | D:5      | Reached skill level 6 in Transmutations
  6427 | D:5      | Reached XP level 8. HP: 59/59 MP: 9/14
  6560 | D:5      | Found Dukin's Jewellery Boutique.
  7054 | D:6      | Killed from afar by a steam dragon

Illustrated notes

Levels and vault maps discovered:
D:1:      roderic_dead_forest, layout_basic, basic_ecumenical_altar,
          st_stairs_10
D:2:      layout_loops_ring, basic_altar
D:3:      layout_basic, mainiacjoe_overflow_boulevard,
          chequers_temple_overflow_statue_of_worship,
          hangedman_decor_clover_reticule, lemuel_another_geyser, uniq_terence
D:4:      layout_gridville, minmay_temple_entry_gardened_gates, serial_shops,
          nicolae_lakefront_shop, feat_on_display
D:5:      layout_basic, serial_shops, nicolae_stop_n_shop_1,
          minmay_ogre_servants
D:6:      layout_basic, nicolae_dithmenos_shadow_blocks,
          mainiacjoe_overflow_concentric_impassable, nicolae_ru_awakened_eye,
          nemelex_spade_bored_becter
Temple:   compressed_dpeg_triangle_lava_temple

Skill      XL: |  1  2  3  4  5  6  7 |
---------------+----------------------+-----
Transmutations | 3 4 5 6 |  6.8
Poison Magic   | 1 |  1.2
Spellcasting   | 3 4 |  4.5
Ice Magic      | 1 3 4 |  4.9
Fighting       | |  1.1
Dodging        | |  1.7
Unarmed Combat | |  3.0

Action                   |  1- 3 |  4- 6 |  7- 9 || total
-------------------------+-------+-------+-------++-------
Melee: Unarmed           |    79 |   153 |    71 ||   303
       Kick              |    17 |     1 |     4 ||    22
       Tailslap          |     5 |     2 |     7 ||    14
       Headbutt          |     7 |       |     1 ||     8
       Punch             |       |       |     2 ||     2
 Cast: Beastly Appendage |    17 |     7 |     4 ||    28
       Spider Form       |       |    19 |       ||    19
       Ice Form          |       |     1 |     6 ||     7
 Abil: Breathe Noxious F |       |       |     3 ||     3
  Use: Scroll            |       |     9 |     1 ||    10
       Potion            |       |     2 |       ||     2
 Stab: Sleeping          |     1 |       |     1 ||     2
Armor: Skin              |    26 |    17 |    27 ||    70
Dodge: Dodged            |    61 |   125 |    41 ||   227

Table legend: (Time is in decaauts)
 A = Elapsed time spent in this place.
 B = Non-inter-level travel time spent in this place.
 C = Inter-level travel time spent in this place.
 D = Time resting spent in this place.
 E = Time spent auto-exploring this place.
 F = Levels seen in this place.
 G = Mean time per level.
                   A        B        C        D        E       F      G
               +--------+--------+--------+--------+--------+-----+--------+
         Total |   7044 |   6875 |    169 |    952 |   5100 |   7 | 1006.3 |
       Dungeon |   6895 |   6732 |    163 |    952 |   4964 |   6 | 1149.2 |
        Temple |    148 |    143 |      5 |      0 |    136 |   1 |  148.0 |
               +--------+--------+--------+--------+--------+-----+--------+

Top non-repeatable levels by time:
     D:2: 1970 daAuts
     D:3: 1468 daAuts
     D:5: 1303 daAuts
     D:4: 1269 daAuts
     D:1: 843 daAuts
  Temple: 148 daAuts
     D:6: 40 daAuts
